 Dungeon Crawl Stone Soup version 0.23-a0-650-ga4d50d4 (webtiles) character file.

37 zishaf the Chucker (level 3, -2/35 HPs)
             Began as a Troll Hunter on Jan 5, 2019.
             Was an Initiate of the Shining One.
             Slain by Robin
             ... wielding a +0 spear
              (3 damage)
             ... on level 2 of the Dungeon.
             The game lasted 00:01:16 (1084 turns).

zishaf the Chucker (Troll Hunter)                   Turns: 1084, Time: 00:01:16

Health: -2/35      AC:  5    Str: 20    XL:     3   Next: 21%
Magic:  2/2        EV: 10    Int:  7    God:    the Shining One [......]
Gold:   79         SH:  0    Dex: 11    Spells: 2/2 levels left

rFire    . . .     SeeInvis .     - Unarmed
rCold    . . .     Gourm    +   (no shield)
rNeg     . . .     Faith    .   b - +0 robe
rPois    .         Spirit   .   (helmet restricted)
rElec    .         Reflect  .   (no cloak)
rCorr    .         Harm     .   (gloves unavailable)
MR       .....                  (boots unavailable)
Stlth    +.........             (no amulet)
HPRegen  0.51/turn              (no ring)
MPRegen  0.08/turn              (no ring)

@: glowing
A: large, unfitting armour, claws 3, fast metabolism 3, gourmand, regeneration
1, shaggy fur 1, tough skin 2
a: Renounce Religion


You were on level 2 of the Dungeon.
You worshipped the Shining One.
The Shining One was noncommittal.
You were completely stuffed.

You visited 1 branch of the dungeon, and saw 2 of its levels.

You collected 79 gold pieces.

Inventory:

Missiles
 c - 5 large rocks (quivered)
 d - 2 throwing nets
Armour
 b - a +0 robe (worn)
Scrolls
 a - a scroll of teleportation {unknown}
 h - a scroll of identify {unknown}
 i - a scroll of immolation {unknown}
 j - 2 scrolls of remove curse {unknown}
Potions
 e - a potion of degeneration {unknown}
 g - 2 potions of agility {unknown}
Comestibles
 f - 5 rations
 k - a chunk of flesh


   Skills:
 + Level 2.0 Fighting
 + Level 3.8 Throwing
 + Level 1.9 Dodging
 - Level 0.3 Stealth
 * Level 1.6 Unarmed Combat


You had 2 spell levels left.
You didn't know any spells.
Your spell library was empty.

Dungeon Overview and Level Annotations

Branches:
Dungeon (2/15)

Altars:
Ashenzari
Elyvilon
The Shining One

Annotations:
D:2 Robin


Innate Abilities, Weirdness & Mutations

You are too large for most types of armour.
You have claws for hands.
Your metabolism is lightning-fast.
You like to eat raw meat.
Your natural rate of healing is unusually fast.
You are covered in fur. (AC +1)
You have very tough skin. (AC +2)


Message History

You scratch the goblin but do no damage.
The goblin closely misses you.
Robin hits you from afar with a +0 spear.
The goblin hits you with a +0 club!
* * * LOW HITPOINT WARNING * * *
The goblin barely misses you. x2; The hobgoblin hits you.
* * * LOW HITPOINT WARNING * * *
You are too injured to fight recklessly!
You scratch the goblin.
The goblin is moderately wounded.
The goblin hits you with a +0 dagger.
* * * LOW HITPOINT WARNING * * *
Robin closely misses you.
The goblin hits you but does no damage. x2
The goblin barely misses you. x2; The hobgoblin closely misses you.
You miss the goblin.
The goblin is moderately wounded.
The goblin closely misses you. The hobgoblin hits you with a +0 club.
* * * LOW HITPOINT WARNING * * *
Robin hits you from afar with a +0 spear.
You die...

#.#.## #.#.## # #.#..#
#. #.##.. #.. #####'##'#
#... #..÷......
#....##########..÷÷.....
#....g.gg...............
#...g@g...............
#.<.ggg...............
#.....................
#......?.....(........
##.##########.........
#. ########## #


You could see Robin, 2 hobgoblins and 5 goblins.

Vanquished Creatures
  A worm (D:2)
  3 dart slugs
  A leopard gecko (D:1)
  2 bats
  A giant cockroach (D:2)
  4 goblins
  6 hobgoblins
  3 frilled lizards (D:2)
  3 kobolds
  2 rats (D:1)
26 creatures vanquished.

Notes
Turn   | Place    | Note
-------+----------+-------------------------------------------
     0 | D:1      | zishaf the Troll Hunter began the quest for the Orb.
     0 | D:1      | Reached XP level 1. HP: 19/19 MP: 0/0
   289 | D:1      | Reached skill level 1 in Unarmed Combat
   289 | D:1      | Reached XP level 2. HP: 25/28 MP: 1/1
   958 | D:2      | Found a glowing golden altar of the Shining One.
   958 | D:2      | Found a white marble altar of Elyvilon.
   958 | D:2      | Found a shattered altar of Ashenzari.
   968 | D:2      | Became a worshipper of the Shining One
  1044 | D:2      | Reached XP level 3. HP: 24/35 MP: 2/2
  1069 | D:2      | Noticed Robin
  1084 | D:2      | HP: 1/35 [hobgoblin/+0 club[Robin] (2)]
  1084 | D:2      | Slain by Robin

Vault maps used:
D:1:      sevenhm_arrival_forest_fort_small_5
D:2:      gammafunk_temple_overflow_claw, uniq_robin

Skill      XL: |  1  2  3 |
---------------+----------+-----
Unarmed Combat | 1 |  1.6
Fighting       | 2 |  2.0
Throwing       | |  3.8
Dodging        | |  1.9
Stealth        | |  0.3

Action                   || total
-------------------------++-------
Melee: Unarmed           ||    69
  Eat: Chunk             ||    15
Armor: Robe              ||    38
Dodge: Dodged            ||    52

Table legend:
 A = Non-vault XP
 B = Vault XP
 C = Vault XP percentage of total XP
 D = Non-vault monster count
 E = Vault monster count
 F = Vault count percentage of total count
                 A         B        C        D         E       F
            +---------+---------+-------+---------+---------+-------
      Total |      46 |       7 |  13.2 |      22 |       4 |  15.4
            +---------+---------+-------+---------+---------+-------
        D:1 |      18 |       0 |   0.0 |       9 |       0 |   0.0
        D:2 |      28 |       7 |  20.0 |      13 |       4 |  23.5
            +---------+---------+-------+---------+---------+-------
